Map: Berlingrad LE

Players

DRG - Winner!

  • Race: Zerg Zerg

Demi

  • Race: Zerg Zerg
  • League: Diamond

Event: DreamHack SC2 Masters Last Chance 2022

VOD

Have the link to the VOD?

Description

Time

  • Played on: Dec. 15, 2021, 5 a.m.
  • Length: 10:33

All games in this series

Show
View Real Time Build Order
Export as new Build Order

DRG Zerg - Winner!

Build Orders: Pool First 

Get SALT Encoding   

  12  0:17  Spawning Pool  
  11  0:22  Drone  
  11  0:26  Drone  
  13  0:30  Drone  
  14  0:39  Overlord  
  14  1:04  Zergling x4  
  16  1:05  Zergling x2  
  17  1:15  Zergling x2  
  17  1:17  Hatchery  
  17  1:27  Zergling x2  
  17  1:32  Queen  
  18  1:38  Zergling x2  
  21  1:49  Overlord  
  21  2:02  Drone  
  21  2:08  Queen  
  22  2:10  Drone  
  25  2:21  Drone  
  25  2:30  Drone, Queen  
  25  2:31  Drone  
  27  2:39  Drone  
  27  2:42  Drone x2  
  27  2:43  Drone  
  28  2:47  Spine Crawler  
  27  2:56  Queen  
  29  3:03  Overlord  
  29  3:06  Drone  
  29  3:09  Drone  
  29  3:10  Drone  
  32  3:13  Drone  
  32  3:17  Drone  
  32  3:18  Drone  
  34  3:22  Drone  
  34  3:26  Drone  
  36  3:30  Extractor  
  36  3:31  Drone, Extractor  
  35  3:35  Drone x2  
  35  3:38  Drone  
  38  3:43  Drone x2  
  40  3:51  Evolution Chamber  
  40  3:53  Evolution Chamber x2  
  37  4:00  Evolution Chamber  
  36  4:07  Drone x3  
  39  4:15  Drone x3  
  41  4:18  Evolution Chamber  
  41  4:24  Drone x2  
  42  4:28  Drone  
  42  4:29  Drone  
  44  4:37  Overlord  
  44  4:41  Overlord  
  44  4:45  Overlord  
  44  4:52  Overlord  
  44  4:55  Overlord  
  44  4:57  Lair  
  44  4:59  Drone  
  45  5:00  Drone  
  45  5:05  Roach Warren  
  45  5:08  Drone  
  45  5:13  Zerg Missile Weapons Level 1, Drone x2  
  48  5:15  Extractor  
  48  5:17  Drone, Extractor  
  48  5:19  Drone  
  48  5:20  Drone  
  49  5:21  Drone  
  49  5:24  Drone  
  49  5:26  Drone  
  52  5:29  Drone x2  
  54  5:39  Zerg Ground Armor Level 1, Overlord  
  54  5:46  Roach x3  
  54  5:48  Overlord  
  60  5:55  Overseer  
  60  5:56  Glial Reconstitution  
  60  5:58  Overlord  
  60  6:06  Hatchery  
  60  6:11  Roach  
  61  6:12  Roach x2  
  61  6:16  Roach  
  67  6:19  Roach x2  
  71  6:26  Roach x3  
  71  6:29  Overlord  
  71  6:32  Roach  
  79  6:35  Overlord  
  79  6:39  Roach x2  
  83  6:43  Overlord  
  83  6:46  Roach  
  85  6:50  Drone x4  
  89  6:56  Roach x2  
  89  7:00  Roach  
  95  7:04  Roach  
  101  7:08  Roach x2  
  101  7:14  Roach  
  103  7:16  Roach  
  103  7:19  Overseer  
  103  7:21  Roach x2  
  109  7:23  Roach  
  109  7:26  Roach x2  
  109  7:29  Roach x3  
  121  7:35  Roach  
  123  7:42  Roach x4  
  113  7:45  Roach x2  
  113  7:47  Roach x2  
  113  7:49  Roach  
  107  7:52  Roach  
  107  7:54  Drone  
  107  7:57  Zerg Missile Weapons Level 2  
  110  7:59  Drone  
  110  8:04  Drone  
  110  8:05  Drone  
  113  8:06  Queen  
  113  8:15  Roach x5  
  113  8:19  Roach x2  
  117  8:22  Overlord  
  117  8:26  Overlord  
  117  8:29  Ravager x4, Extractor x2  
  117  8:31  Roach  
  121  8:35  Roach x2  
  121  8:39  Overlord  
  125  8:43  Roach x3  
  131  8:50  Roach x3  
  131  8:54  Roach  
  139  8:58  Roach x2  
  139  9:01  Roach x2  
  147  9:03  Overlord  
  147  9:07  Overlord  
  147  9:09  Roach  
  149  9:15  Roach x2  
  153  9:18  Roach x2  
  153  9:21  Roach  
  153  9:24  Overlord  
  159  9:27  Roach  
  159  9:30  Roach  
  159  9:31  Roach  
  165  9:36  Roach x2  
  169  9:41  Roach x2  
  169  9:45  Roach x2  
  177  9:46  Ravager x3  
  177  9:47  Ravager  
  177  9:48  Ravager  
  177  9:50  Roach  
  184  9:54  Roach  
  184  9:56  Overlord  
  186  10:03  Overlord  
  186  10:04  Overlord  
Show
View Real Time Build Order
Export as new Build Order

Demi Zerg 

Build Orders: Pool First 

Get SALT Encoding   

  12  0:00  Drone  
  13  0:12  Overlord  
  13  0:17  Drone  
  14  0:31  Drone x2  
  16  0:40  Spawning Pool  
  15  0:43  Drone  
  15  0:46  Extractor  
  15  0:49  Drone  
  16  0:56  Drone  
  17  1:06  Drone  
  18  1:18  Hatchery  
  17  1:28  Zergling x4  
  19  1:35  Queen  
  21  1:42  Zergling x2  
  22  1:48  Metabolic Boost  
  22  1:53  Overlord  
  22  2:12  Zergling x4  
  22  2:13  Queen  
  26  2:23  Zergling x2  
  27  2:31  Queen  
  27  2:36  Zergling x2  
  25  2:42  Drone  
  23  2:49  Drone  
  24  2:54  Drone x2  
  26  2:59  Overlord  
  26  3:06  Zergling x4  
  26  3:11  Zergling x2  
  29  3:19  Overlord  
  29  3:22  Zergling x4  
  29  3:25  Drone  
  32  3:29  Drone x2  
  32  3:31  Drone  
  35  3:35  Drone  
  35  3:39  Drone  
  37  3:42  Drone  
  37  3:46  Drone x2  
  40  3:48  Drone  
  40  3:51  Drone  
  39  4:04  Drone x4  
  42  4:10  Drone  
  42  4:15  Drone x3  
  44  4:23  Drone  
  44  4:24  Drone  
  46  4:27  Overlord  
  46  4:37  Drone x2  
  47  4:39  Hatchery  
  47  4:41  Drone x3  
  48  4:46  Evolution Chamber, Overlord  
  48  4:48  Drone x2  
  48  4:49  Drone  
  48  4:51  Extractor  
  49  4:53  Extractor  
  49  4:55  Roach Warren  
  49  4:56  Lair  
  47  5:00  Drone  
  47  5:03  Queen  
  50  5:07  Overlord  
  50  5:08  Drone  
  50  5:10  Drone  
  50  5:11  Drone  
  53  5:23  Drone x4  
  53  5:25  Zerg Missile Weapons Level 1  
  57  5:30  Drone x3  
  57  5:31  Drone, Extractor  
  60  5:39  Overlord  
  60  5:44  Overlord  
  60  5:46  Overlord  
  60  5:53  Roach x7  
  60  5:56  Glial Reconstitution  
  74  5:59  Overlord  
  74  6:03  Overseer  
  74  6:07  Roach x2  
  74  6:10  Overlord  
  78  6:14  Roach x2  
  82  6:20  Roach  
  82  6:21  Roach x3  
  82  6:24  Overlord  
  82  6:25  Overlord  
  90  6:28  Roach x2  
  90  6:29  Roach  
  100  6:49  Roach x4  
  108  6:55  Roach x7  
  120  7:01  Overlord x2  
  120  7:02  Overlord  
  120  7:04  Roach  
  120  7:05  Roach x3  
  126  7:10  Roach x2  
  130  7:17  Evolution Chamber  
  129  7:23  Drone x4  
  129  7:26  Extractor  
  129  7:29  Drone x2  
  114  7:45  Roach x8  
  114  7:47  Zerg Missile Weapons Level 2  
  110  7:54  Roach x4  
  110  7:59  Roach  
  110  8:00  Roach  
  110  8:01  Overlord x3  
  114  8:06  Zergling x2, Roach x3  
  119  8:15  Drone  
  119  8:16  Drone x2  
  119  8:17  Zerg Ground Armor Level 1  
  118  8:22  Drone x2  
  118  8:24  Extractor  
  119  8:29  Drone x3  
  119  8:30  Overseer  
  119  8:32  Drone x2  
  124  8:38  Overlord x2  
  124  8:40  Drone  
  125  8:43  Hatchery  
  125  8:45  Pneumatized Carapace  
  124  8:50  Roach x5  
  134  8:56  Ravager  
  134  8:57  Ravager  
  134  8:58  Overlord  
  134  8:59  Overlord x2  
  136  9:07  Ravager x2  
  136  9:09  Overlord x3  
  138  9:16  Roach x7  
  152  9:21  Ravager  
  153  9:25  Roach  
  153  9:26  Roach  
  153  9:30  Roach x2  
  161  9:36  Roach x3  
  161  9:37  Roach  
  169  9:44  Roach  
  169  9:45  Roach x2  
  175  9:50  Roach x2  
  175  9:51  Roach x2  
  183  9:58  Roach  
  183  9:59  Roach x3  
  191  10:06  Roach x4  

Tags
 
Add a new tag
Caveats
  • Supply blocks, unpowered buildings, or Contaminate may cause inaccurate times.
  • Supply counts are checked every 10 seconds.